 Dungeon Crawl Stone Soup version 0.30-a0-1123-gabc949cf19 (webtiles) character file.

Game seed: 4533674398626735609

167 Orangeyouglad the Grave Robber (level 5, 0/35 HPs)
             Began as a Human Necromancer on Apr 22, 2023.
             Frozen to death by an endoplasm (5 damage)
             ... on level 3 of the Dungeon.
             The game lasted 00:08:18 (2315 turns).

Orangeyouglad the Grave Robber (Human Necromancer)  Turns: 2315, Time: 00:08:19

Health: 0/35       AC:  3    Str:  8    XL:     5   Next: 76%
Magic:  6/9        EV: 13    Int: 18    God:
Gold:   129        SH:  0    Dex: 13    Spells: 2/10 levels left

rFire   . . .        b - +0 quarterstaff
rCold   . . .        (shield currently unavailable)
rNeg    . . .        d - +0 robe
rPois   .            (no helmet)
rElec   .            (no cloak)
rCorr   .            (no gloves)
SInv    .            k - +0 pair of boots
Will    .....        (no amulet)
Stlth   ++           (no ring)
HPRegen 0.25/turn    (no ring)
MPRegen 0.11/turn

%: no passive effects
@: no status effects
A: no striking features
a: no special abilities


You were on level 3 of the Dungeon.
You visited 1 branch of the dungeon, and saw 3 of its levels.

You collected 129 gold pieces.

Inventory:

Hand Weapons
 a - a +1 sling of flaming
 b - a +0 quarterstaff (weapon)
Armour
 d - a +0 robe (worn)
 k - a +0 pair of boots (worn)
Wands
 p - a wand of mindburst (19)
Scrolls
 f - a scroll of poison {unknown}
 g - a scroll of silence {unknown}
 m - a scroll of vulnerability {unknown}
 n - a scroll of teleportation {unknown}
Potions
 c - 3 potions of curing
 e - a potion of brilliance {unknown}
 h - a potion of flight {unknown}
 i - 2 potions of heal wounds {unknown}
 j - 2 potions of magic
 l - a potion of haste {unknown}
 o - a potion of mutation {unknown}


   Skills:
 + Level 3.2 Dodging
 + Level 3.4 Stealth
 + Level 3.0 Spellcasting
 + Level 4.7 Necromancy


You had 2 spell levels left.
You knew the following spells:

 Your Spells              Type           Power      Damage    Failure   Level
a - Necrotise             Necr           76%        1d7       2%          1
b - Animate Dead          Necr           19%        N/A       22%         4
c - Vampiric Draining     Necr           19%        2d7       7%          3

Your spell library contained the following spells:

 Spells                   Type           Power      Damage    Failure   Level
 Beastly Appendage        Tmut           4%         N/A       16%         1
 Wereblood                Tmut           2%         N/A       24%         2
 Dazzling Flash           Conj/Hex       4%         N/A       43%         3
 Spider Form              Tmut/Pois      2%         N/A       43%         3
 Agony                    Necr           19%        N/A       54%         5
 Silence                  Hex/Air        1%         N/A       99%         5


Dungeon Overview and Level Annotations

Branches:
Dungeon (3/15)

Altars:

Shops:
D:3 [


Message History

The orc wizard is almost dead.
The orc wizard casts a spell at you. The puff of flame hits you!
* * * LOW HITPOINT WARNING * * *
The endoplasm closely misses you.
You are too confused!
Unknown command.
Okay, then.
It was a potion of curing.
You feel better.
The orc wizard hits you but does no damage.
The endoplasm freezes you.
You are frozen.
You hit the orc wizard but do no damage.
The orc wizard is almost dead.
The orc wizard hits you with a +0 dagger.
The endoplasm freezes you.
You are frozen.
* * * LOW HITPOINT WARNING * * *
The orc wizard hits you with a +0 dagger.
* * * LOW HITPOINT WARNING * * *
The endoplasm freezes you.
You are frozen.
* * * LOW HITPOINT WARNING * * *
Casting: Necrotise (safe; 2% risk of failure)
Confirm with . or Enter, or press ? or * to list all spells.
Aiming: Necrotise (safe; 2% risk of failure)
Press: ? - help, Shift-Dir - straight line, f/p - orc wizard
Aim: an orc wizard, wielding a +0 dagger and wearing a +0 robe (almost dead, chance to affect: 78%)
Okay, then.
Casting: Necrotise (safe; 2% risk of failure)
Confirm with . or Enter, or press ? or * to list all spells.
Aiming: Vampiric Draining (dangerous; 7% risk of failure)
Press: ? - help, Shift-Dir - straight line, f/p - orc wizard
Aim: an orc wizard, wielding a +0 dagger and wearing a +0 robe (almost dead)
You draw life force from the orc wizard!
You kill the orc wizard!
You feel life coursing into your body. The endoplasm freezes you.
You are frozen.
You die...

............<.#
#.............##
.. ..####.#......#
.o #.#......# ..
#.#.#....# ).
#.#.##...# ..
..#######.#......#
..
.)).......#####..#
..
.......)@......†.#
.......J.######.##
.........# #.# ..
.........# #.# ..
.........# #.# ..
.........# ##.# .
#........## ###..#
#........####...##
#........##...###


You could see an endoplasm.

Vanquished Creatures
  2 orc wizards (D:3)
  5 adders
  A worm (D:2)
  2 dart slugs (D:1)
  6 orcs (D:3)
  7 ball pythons
  12 endoplasms
  7 hobgoblins
  7 jackals
  7 bats
  3 frilled lizards
  6 goblins
  7 kobolds
  7 rats
79 creatures vanquished.

Vanquished Creatures (collateral kills)
  A frilled lizard (D:1)
1 creature vanquished.

Grand Total: 80 creatures vanquished

Notes
Turn   | Place    | Note
-------+----------+-------------------------------------------
     0 | D:1      | Orangeyouglad the Human Necromancer began the quest for the
                  | Orb.
     0 | D:1      | Reached XP level 1. HP: 13/13 MP: 3/3
    91 | D:1      | Reached XP level 2. HP: 19/19 MP: 5/5
   335 | D:1      | Reached XP level 3. HP: 24/24 MP: 6/6
   346 | D:1      | Learned a level 3 spell: Vampiric Draining
   606 | D:1      | Reached XP level 4. HP: 30/30 MP: 7/7
  1437 | D:2      | Reached XP level 5. HP: 35/35 MP: 9/9
  1455 | D:2      | Learned a level 4 spell: Animate Dead
  1799 | D:3      | Found a faded altar of an unknown god.
  2025 | D:3      | Found Iphoal's Antique Armour Shoppe.
  2315 | D:3      | Frozen to death by an endoplasm

Illustrated notes

Levels and vault maps discovered:
D:1:      minmay_arrival_solitary_statue, layout_loops_ring,
          roderic_roman_lattice, minmay_distorted
D:2:      layout_loops_ring, serial_rivers, chequers_serial_rivers_micro_c,
          chequers_serial_rivers_micro_b, chequers_serial_rivers_room_b,
          chequers_serial_rivers_small_a, chequers_serial_rivers_large_a,
          kennysheep_donut, minmay_tall_x
D:3:      layout_basic, serial_shops, nicolae_shop_stone,
          nicolae_ecumenical_oubliette, uniq_crazy_yiuf_cottage

Skill      XL: |  1  2  3  4  5 |
---------------+----------------+-----
Stealth        | 3 |  3.4
Dodging        | 3 |  3.2
Spellcasting   | 3 |  3.0
Necromancy     | |  4.7

Action                     |  1- 3 |  4- 6 || total
---------------------------+-------+-------++-------
  Melee: Quarterstaff      |       |    22 ||    22
   Fire: Sling             |    54 |    94 ||   148
   Cast: Necrotise         |    13 |     4 ||    17
         Vampiric Draining |       |     6 ||     6
    Use: Potion            |       |     1 ||     1
 Armour: Robe              |     5 |    10 ||    15
  Dodge: Dodged            |    21 |    37 ||    58

Table legend: (Time is in decaauts)
 A = Elapsed time spent in this place.
 B = Non-inter-level travel time spent in this place.
 C = Inter-level travel time spent in this place.
 D = Time resting spent in this place.
 E = Time spent auto-exploring this place.
 F = Levels seen in this place.
 G = Mean time per level.
                   A        B        C        D        E       F      G
               +--------+--------+--------+--------+--------+-----+--------+
         Total |   2398 |   2225 |    173 |    104 |   1528 |   3 |  799.3 |
       Dungeon |   2398 |   2225 |    173 |    104 |   1528 |   3 |  799.3 |
               +--------+--------+--------+--------+--------+-----+--------+

Top non-repeatable levels by time:
     D:2: 1183 daAuts
     D:1: 744 daAuts
     D:3: 470 daAuts
